 Dungeon Crawl Stone Soup version 0.30.0-29-ga12c61a403 (webtiles) character file.

Game seed: 12798887597792843589

1341 Sabo the Slasher (level 8, -6/69 HPs)
             Began as a Yellow Draconian Monk on June 25, 2023.
             Mangled by a vampire (9 damage)
             ... on level 5 of the Dungeon.
             The game lasted 00:24:42 (4915 turns).

Sabo the Slasher (Yellow Draconian Monk)            Turns: 4915, Time: 00:24:42

Health: -6/69      AC:  7    Str: 23    XL:     8   Next: 35%
Magic:  8/8        EV: 14    Int: 10    God:
Gold:   263        SH:  0    Dex: 17    Spells: 7/7 levels left

rFire   . . .        h - +2 falchion of Kismet {heavy, Dex+4}
rCold   . . .        c - orb {light}
rNeg    . . .        (body armour unavailable)
rPois   .            (helmet restricted)
rElec   .            (no cloak)
rCorr   +            k - +0 pair of gloves
SInv    .            (no boots)
Will    .....        (no amulet)
Stlth   +            g - +6 ring of strength
HPRegen 0.31/turn    (no ring)
MPRegen 0.11/turn

%: no passive effects
@: glowing, studying Staves
A: spit acid, AC +6, unfitting armour, cold-blooded, acid resistance
a: Breathe Acid


You were on level 5 of the Dungeon.
You visited 1 branch of the dungeon, and saw 6 of its levels.

You collected 263 gold pieces.

Inventory:

Hand Weapons
 h - the +2 falchion of Kismet (weapon) {heavy, Dex+4}
   (You found it on level 2 of the Dungeon)

   Dex:       It affects your dexterity (+4).
 l - a +0 war axe
Missiles
 m - 10 boomerangs (quivered)
 o - 8 poisoned darts
 q - a throwing net
Armour
 c - an orb of light (worn)
 k - a +0 pair of gloves (worn)
Jewellery
 g - a +6 ring of strength (left hand)
Wands
 p - a wand of paralysis (8)
 v - a wand of flame (2)
 w - a wand of mindburst (12)
Scrolls
 a - a scroll of enchant weapon
 e - 2 scrolls of fear
 f - 2 scrolls of teleportation
 j - a scroll of poison
 s - a scroll of acquirement {unknown}
 y - a scroll of magic mapping {unknown}
Potions
 b - 2 potions of ambrosia
 d - 3 potions of haste {unknown}
 i - a potion of heal wounds
 n - a potion of curing
 r - 2 potions of resistance {unknown}
 t - 2 potions of magic {unknown}
 u - a potion of might {unknown}
 x - a potion of cancellation {unknown}


   Skills:
 + Level 5.6 Fighting
 + Level 7.2 Long Blades
 + Level 3.8 Axes
 + Level 5.2 Dodging
 + Level 1.5 Stealth


You had 7 spell levels left.
You didn't know any spells.
Your spell library contained the following spells:

 Spells                   Type           Power      Damage    Failure   Level
 Alistair's Intoxication  Tmut/Pois      0%         N/A       100%        5
 Borgnjor's Vile Clutch   Necr/Erth      0%         N/A       100%        5
 Eringya's Noxious Bog    Tmut/Pois      0%         N/A       100%        6


Dungeon Overview and Level Annotations

Branches:
Dungeon (6/15)
 Temple: D:4-7

Altars:


Innate Abilities, Weirdness & Mutations

You can spit globs of acid.
Your golden yellow scales are hard. (AC +6)
You cannot fit into any form of body armour.
You are cold-blooded and may be slowed by cold attacks.
You are resistant to acid. (rCorr)


Message History

You are more confused.
The vampire draws life force from you!!
The vampire is healed by the life force!
The vampire closely misses you. The vampire bites you.
The vampire draws strength from your injuries!
The vampire hits you but does no damage.
The vampire barely misses you.
You're too confused to move!
The vampire completely misses you. The vampire misses you.
The vampire closely misses you. The vampire barely misses you.
You bump into the rock wall.
The vampire is no longer covered in acid.
The vampire hits you! The vampire closely misses you.
You bump into the rock wall.
The vampire hits you. The vampire closely misses you.
You barely miss the vampire.
The vampire is moderately damaged.
The vampire closely misses you. The vampire bites you.
The vampire draws strength from your injuries!
You slash the vampire!
The vampire is heavily damaged.
You have got your breath back.
The vampire closely misses you. The vampire bites you.
The vampire draws strength from your injuries!
The vampire hits you but does no damage.
The vampire barely misses you.
You bump into the rock wall.
You feel less confused. The vampire hits you.
* * * LOW HITPOINT WARNING * * *
The vampire bites you but does no damage.
You hit the vampire but do no damage.
The vampire is heavily damaged.
The vampire draws life force from you!!
* * * LOW HITPOINT WARNING * * *
The vampire is healed by the life force!
You hit the vampire but do no damage.
You tail-slap the vampire, but do no damage.
The vampire hits you!
You die...

####.. # #....#.#.# #..#
...... . #. #.####.#.###..#
...... ..##.####.#
#.#.#....# ......
..........# #.#.#.####
..##.. ..........####.#.#.#
#.# +# ...............#.###
#.# .# #####........#.#
#.###.# #.# #V.......#.#
......# #.# #@#.####.#.#
##..### #.# #.#......#.#
##.## #.# #.########.#
#..## #.# #..........#
###..###.# ########...#
##........# #.......#
..........# ###.......#
..........### ###.'.......#
....####....###...#.......#


You could see a vampire (invisible).

Vanquished Creatures
  2 black bears
  An orc warrior (D:6)
  A centaur (D:4)
  A phantom (D:4)
  A bullfrog (D:4)
  4 scorpions
  5 hounds
  2 orc priests
  A sleepcap (D:5)
  Ijyb (D:3)
  4 iguanas
  3 orc wizards
  Terence (D:3)
  9 adders
  An ufetubus (D:5)
  A worm (D:2)
  2 dart slugs
  6 orcs
  12 ball pythons
  4 endoplasms
  6 giant cockroaches
  8 hobgoblins
  5 quokkas
  4 bats (D:1)
  A frilled lizard (D:3)
  5 goblins
  7 kobolds
  3 rats (D:1)
101 creatures vanquished.

Notes
Turn   | Place    | Note
-------+----------+-------------------------------------------
     0 | D:1      | Sabo the Draconian Monk began the quest for the Orb.
     0 | D:1      | Reached XP level 1. HP: 19/19 MP: 1/1
   118 | D:1      | Reached XP level 2. HP: 26/26 MP: 2/2
  1289 | D:2      | Identified the +2 falchion of Kismet {heavy, Dex+4}
  1340 | D:2      | Reached XP level 3. HP: 28/33 MP: 3/3
  1487 | D:2      | Identified the +2 ring mail of Philately {Harm rPois}
  1827 | D:2      | Reached XP level 4. HP: 40/40 MP: 4/4
  1890 | D:3      | Noticed Ijyb
  2351 | D:3      | Killed Ijyb
  2352 | D:3      | Reached skill level 1 in Long Blades
  2712 | D:3      | Noticed Terence
  2718 | D:3      | Killed Terence
  2719 | D:3      | Reached XP level 5. HP: 27/46 MP: 5/5
  3055 | D:4      | Noticed a phantom
  3064 | D:4      | Killed a phantom
  3065 | D:4      | Reached skill level 2 in Long Blades
  3071 | D:4      | Reached skill level 3 in Long Blades
  3071 | D:4      | Reached skill level 1 in Stealth
  3071 | D:4      | Reached XP level 6. HP: 44/53 MP: 6/6
  3224 | D:4      | Reached skill level 4 in Long Blades
  3232 | D:4      | Your scales start taking on a golden yellow colour.
  3232 | D:4      | Reached XP level 7. HP: 48/60 MP: 7/7
  3232 | D:4      | Gained mutation: You are resistant to acid. (rCorr) [Yellow
                  | Draconian growth]
  3352 | D:4      | Reached skill level 5 in Fighting
  3355 | D:4      | Reached skill level 5 in Long Blades
  3755 | D:5      | Entered Level 5 of the Dungeon
  3758 | D:5      | You fall into a shaft and drop 1 floor!
  3782 | D:6      | Reached skill level 6 in Long Blades
  3783 | D:6      | Reached XP level 8. HP: 22/69 MP: 8/8
  4045 | D:5      | Reached skill level 5 in Dodging
  4381 | D:5      | Reached skill level 7 in Long Blades
  4914 | D:5      | HP: 2/69 [vampire/vampiric draining (18)]
  4915 | D:5      | Mangled by a vampire

Illustrated notes

Levels and vault maps discovered:
D:1:      minmay_arrival_up_and_down, layout_basic, serial_bayou_pond_e,
          roderic_lattice_a, nicolae_eternal_life, minmay_statues_item,
          chequers_serial_rivers_small_3, minmay_misc_feat_alley,
          grunt_decor_one_mirror, columned_hall_lemuel
D:2:      layout_loops_cross
D:3:      layout_basic, hex_large, uniq_terence, uniq_ijyb
D:4:      layout_cave_pools, minmay_manual_mess
D:5:      layout_basic
D:6:      layout_basic, tso_metal_star, minmay_temple_entry_overgrown,
          uniq_eustachio

Skill      XL: |  1  2  3  4  5  6  7  8 |
---------------+-------------------------+-----
Dodging        | 3 4 5 |  5.2
Fighting       | 4 5 |  5.6
Long Blades    | 1 3 4 6 7 |  7.2
Stealth        | 1 |  1.5
Axes           | |  3.8

Action                     |  1- 3 |  4- 6 |  7- 9 || total
---------------------------+-------+-------+-------++-------
  Melee: Hand axe          |    45 |       |       ||    45
         Tailslap          |    10 |    11 |    13 ||    34
         Falchion          |    29 |    71 |    79 ||   179
         War axe           |     4 |       |       ||     4
  Throw: Boomerang         |       |       |     1 ||     1
Ability: Breathe Acid      |       |       |     6 ||     6
    Use: Scroll            |     3 |     1 |     2 ||     6
         Potion            |       |     1 |       ||     1
 Armour: Skin              |    27 |    46 |    52 ||   125
  Dodge: Dodged            |    64 |   112 |    92 ||   268
